AoeStats
← Josmi-Ga'lock

Black Forest

510813250Analyzed
3v3 RM · 17h ago on Oct 2, 2026· 66m 7s· 6 players
Game mode
Random Map
Map size
Normal (6 player)
Population
200
Speed
Normal
Resources
Standard
Victory
Conquest
Starting age
Dark Age
Ending age
Imperial Age
RankedLock teamsTeams togetherTeam positionsShared explorationLock speedFull tech treeHidden civsTurbo modeCheats
Victory
Defeat
🇨🇳 Britons · China
907
+15
🇺🇸 Danes · United States
878
+16
🇹🇷 Sicilians · Türkiye
853
+17
🇻🇪 Danes · Venezuela
908
-17
🇦🇷 Saxons · Argentina
877
-16
🇦🇷 Goths · Argentina
854
-15
DitchFish6084
2:26 Loom
9:38 Feudal Age
10:03 Horse Collar
10:09 Double-Bit Axe
17:48 Castle Age
18:38 Bow Saw
24:27 Wheelbarrow
24:23 Heavy Plow
26:21 Hand Cart
26:11 Gold Mining
31:00 Imperial Age
29:26 Caravan
31:01 Ballistics
31:08 Town Watch
32:04 Forging
31:55 Scale Mail Armor
32:14 Town Patrol
32:39 Conscription
32:29 Siege Engineers
32:13 Onager
34:01 Siege Onager
36:00 Chemistry
35:06 Arson
35:23 Squires
35:28 Northmen's Fury
38:23 Hoardings
61:08 Coinage
akbasmuhammed61
14:21 Feudal Age
19:36 Castle Age
20:36 Wheelbarrow
27:29 Stone Mining
27:35 Gold Mining
29:54 Hand Cart
33:08 Imperial Age
31:50 Caravan
32:20 Coinage
33:02 Gold Shaft Mining
33:08 Stone Shaft Mining
33:52 Elite Serjeant
35:00 Fishing Lines
36:54 Town Watch
36:56 Loom
36:58 Town Watch
37:49 Banking
37:29 Guilds
38:30 Heavy Scorpion
50:37 Man-at-Arms
51:02 Gambesons
61:35 Double-Bit Axe
63:57 Light Cavalry
64:48 Bloodlines
66:08 Scale Mail Armor
66:14 Scale Barding Armor
Leo
13:41 Feudal Age
15:41 Double-Bit Axe
24:20 Castle Age
22:27 Stone Mining
26:28 Fortified Wall
26:34 Bow Saw
34:44 Imperial Age
33:02 Ballistics
32:37 Fletching
33:36 Gold Mining
34:28 Bodkin Arrow
35:47 Conscription
36:13 Bracer
36:33 Padded Archer Armor
38:29 Chemistry
42:25 Yeomen
43:29 Leather Archer Armor
43:21 Siege Engineers
43:03 Elite Longbowman
45:22 Ring Archer Armor
45:45 Warwolf
48:57 Gold Shaft Mining
49:40 Two-Man Saw
49:32 Wheelbarrow
49:11 Fervor
49:21 Sanctity
49:14 Scale Barding Armor
49:19 Forging
60:09 Cavalier
61:16 Chain Barding Armor
61:31 Iron Casting
61:06 Husbandry
66:36 Plate Barding Armor
67:01 Blast Furnace
66:16 Masonry
66:01 Murder Holes
65:47 Treadmill Crane
Abyssus
0:57 Loom
13:23 Feudal Age
14:00 Town Watch
15:13 Double-Bit Axe
23:49 Castle Age
22:01 Fishing Lines
24:00 Elite Skirmisher
26:12 Wheelbarrow
27:15 Horse Collar
29:21 Gillnets
30:46 Hand Cart
30:37 Town Patrol
32:10 Bow Saw
34:53 Ballistics
34:32 Fletching
34:43 Padded Archer Armor
34:57 Gold Mining
35:00 Stone Mining
35:49 Squires
35:37 Arson
38:40 Imperial Age
37:41 Thumb Ring
37:36 Bodkin Arrow
39:30 Bracer
39:46 Leather Archer Armor
40:12 Conscription
40:09 Onager
42:10 Hoardings
41:32 Hamask
42:44 Bloodlines
42:35 Husbandry
43:51 Chemistry
42:57 Siege Engineers
44:26 Onager
49:36 Northmen's Fury
Bluezote
1:02 Loom
11:01 Feudal Age
18:33 Castle Age
17:03 Double-Bit Axe
18:05 Wheelbarrow
17:03 Man-at-Arms
17:48 Scale Mail Armor
25:57 Caravan
27:51 Long Swordsman
29:03 Horse Collar
30:35 Hand Cart
30:28 Pikeman
35:32 Imperial Age
34:28 Forging
34:33 Chain Mail Armor
34:25 Anarchy
35:31 Squires
36:01 Bow Saw
35:59 Heavy Plow
36:39 Conscription
36:09 Two-Handed Swordsman
37:33 Perfusion
39:44 Crop Rotation
44:42 Iron Casting
48:30 Chemistry
47:51 Ballistics
49:46 Champion
54:41 Onager
60:29 Blast Furnace
60:04 Cavalier
60:57 Husbandry
61:29 Light Cavalry
Josmi-Ga'lock
0:29 Loom
13:26 Feudal Age
13:54 Town Watch
14:51 Double-Bit Axe
23:17 Castle Age
21:35 Gold Mining
24:41 Gold Shaft Mining
24:02 Stone Mining
34:42 Imperial Age
32:10 Fishing Lines
34:05 Squires
35:05 Bow Saw
35:25 Thumb Ring
34:44 Crossbowman
36:43 Ballistics
36:34 Fortified Wall
37:46 Conscription
37:50 Forging
38:05 Horse Collar
38:33 Padded Archer Armor
38:26 Fletching
40:03 Wheelbarrow
39:36 Caravan
40:24 Bodkin Arrow
40:31 Scale Mail Armor
40:39 Arbalester
42:35 Leather Archer Armor
43:45 Chemistry
42:26 Treadmill Crane
43:12 Bracer
43:32 Pikeman
44:13 Halberdier
45:14 Arson
45:14 Gambesons
46:17 Masonry
49:19 Two-Man Saw
49:43 Hand Cart
49:24 Gillnets
50:47 Iron Casting
50:28 Chain Mail Armor
52:34 Architecture
52:36 Plate Mail Armor
56:28 Elite Varangian Guard
59:54 Heavy Plow
62:33 Ring Archer Armor
Connection lost

Rejoining the realm…

Still unreachable

The connection could not be restored.

Session expired

The server has moved on; the page needs a fresh start.